 Dungeon Crawl Stone Soup version 0.21.1-1-g345015f (webtiles) character file.

68 Heatsaber the Sneak (level 4, -3/21 HPs)
             Began as a Spriggan Enchanter on May 15, 2018.
             Was an Initiate of Gozag.
             Slain by Gandalfino's ghost (9 damage)
             ... on level 3 of the Dungeon.
             The game lasted 00:22:39 (1891 turns).

Heatsaber the Sneak (Spriggan Enchanter)            Turns: 1891, Time: 00:22:40

Health: -3/21      AC:  2    Str:  3 (4)  XL:     4   Next: 1%
Magic:  3/10       EV: 19    Int: 20 (22) God:    Gozag
Gold:   142        SH:  0    Dex: 15 (16) Spells: 3/9 levels left

rFire    + . .     SeeInvis +   h - +0 dagger (venom)
rCold    + . .     Gourm    .   (shield restricted)
rNeg     . . .     Faith    .   b - +0 robe
rPois    +         Spirit   .   (helmet restricted)
rElec    +         Reflect  .   (no cloak)
rCorr    +         Harm     .   (gloves unavailable)
MR       .....                  (boots unavailable)
Stlth    +++.......             (no amulet)
HPRegen  0.07/turn              (no ring)
MPRegen  0.12/turn              (no ring)

@: brilliant, resistant, very quick
A: very small, unfitting armour, see invisible, herbivore, speed 3, slow
metabolism 2
a: Potion Petition, Call Merchant, Bribe Branch, Renounce Religion


You were on level 3 of the Dungeon.
You worshipped Gozag.
Gozag was aware of your devotion.
You were not hungry.

You visited 1 branch of the dungeon, and saw 3 of its levels.

You collected 181 gold pieces.
You paid 39 gold pieces to Gozag.

Inventory:

Hand Weapons
 a - a +1 dagger
 h - a +0 dagger of venom (weapon)
 k - a +0 short sword of speed
 m - a +0 hunting sling
Armour
 b - a +0 robe (worn)
Scrolls
 f - a scroll of enchant weapon {unknown}
 j - 3 scrolls of identify
Potions
 g - a potion of might
Books
 c - a book of Maledictions

   Spells                             Type                      Level
   a - Corona                         Hexes                        1
   b - Ensorcelled Hibernation        Hexes/Ice                    2
   c - Confuse                        Hexes                        3
   d - Tukima's Dance                 Hexes                        3
   e - Dazzling Spray                 Conjuration/Hexes            3
Comestibles
 d - 6 rations


   Skills:
 + Level 2.1 Short Blades
 + Level 3.7 Dodging
 + Level 5.2 Stealth
 + Level 3.3 Spellcasting
 + Level 4.2 Hexes


You had 3 spell levels left.
You knew the following spells:

 Your Spells              Type           Power        Failure   Level  Hunger
a - Corona                Hex            ####...      1%          1    None
b - Ensorcelled Hibernat  Hex/Ice        ###...       1%          2    ##.....
c - Confuse               Hex            ####....     1%          3    ###....


Dungeon Overview and Level Annotations

Branches:
Dungeon (3/15)

Altars:
Gozag
Makhleb

Annotations:
D:3 Gandalfino's ghost, amateur HOFi


Innate Abilities, Weirdness & Mutations

You are very small and have problems with some larger weapons.
You are too small for most types of armour.
You have supernaturally acute eyesight. (SInv)
You are a herbivore.
You cover ground extremely quickly.
You need consume almost no food.


Message History

Aim: Gandalfino's ghost, wielding a weapon of venom (hasn't noticed you, chance to defeat MR: 30%) Gandalfino's ghost turns its malevolent gaze towards you.
Gandalfino's ghost easily resists.
Casting: Confuse
Confirm with . or Enter, or press ? or * to list all spells.
Aiming: Confuse
Press: ? - help, Shift-Dir - straight line, f/p - Gandalfino's ghost
Aim: Gandalfino's ghost, wielding a weapon of venom (chance to defeat MR: 30%) Gandalfino's ghost appears confused.
There is an open door here.
It was a potion of degeneration.
There was something very wrong with that liquid.
You feel weakened.
You feel dopey.
You feel clumsy.
It was a potion of resistance.
You feel protected.
It was a potion of brilliance.
You feel clever all of a sudden. Gandalfino's ghost hits you!
You die...
Your body crumbles into a pile of gold.

# ..# #.....).# #.#######...
#.......# ...... ..#
#.......###### #...# #.#
#####............. #...###'###
#...'............. #.........#
#.###............. ###....[..#
#.# ########......
#.......###.###########'####
+.......'..@W............#
####.......############.....#
.............................##
####################.......#..#
#.......##.## #.......##..#
##########... +... #...


You could see Gandalfino's ghost (confused).

Vanquished Creatures
  3 adders
  An ooze (D:3)
  A worm (D:3)
  2 leopard geckos (D:2)
  A ball python (D:1)
  4 giant cockroaches
  5 goblins
  2 hobgoblins (D:1)
  2 jackals (D:3)
  5 kobolds
  A quokka (D:2)
  A bat (D:3)
  A frilled lizard (D:3)
  2 rats (D:2)
31 creatures vanquished.

Notes
Turn   | Place    | Note
-------+----------+-------------------------------------------
     0 | D:1      | Heatsaber the Spriggan Enchanter began the quest for the Orb.
     0 | D:1      | Reached XP level 1. HP: 9/9 MP: 5/5
   524 | D:1      | Reached XP level 2. HP: 10/13 MP: 4/6
   704 | D:1      | Learned a level 2 spell: Ensorcelled Hibernation
   833 | D:2      | Found a burning altar of Makhleb.
  1185 | D:2      | Reached skill level 5 in Stealth
  1185 | D:2      | Reached XP level 3. HP: 16/16 MP: 8/8
  1190 | D:2      | Learned a level 3 spell: Confuse
  1461 | D:3      | Found an opulent altar of Gozag.
  1477 | D:3      | Became a worshipper of Gozag Ym Sagoz the Greedy
  1679 | D:3      | Reached XP level 4. HP: 15/21 MP: 10/10
  1685 | D:3      | Noticed Gandalfino's ghost (amateur HOFi)
  1891 | D:3      | Slain by Gandalfino's ghost

Skill      XL: |  1  2  3 |
---------------+----------+-----
Spellcasting   | 3 |  3.3
Stealth        | 5 |  5.2
Hexes          | 4 |  4.2
Short Blades   | 2 |  2.1
Dodging        | |  3.7

Action                   |  1- 3 |  4- 6 || total
-------------------------+-------+-------++-------
Melee: Dagger            |    63 |       ||    63
 Cast: Corona            |     7 |       ||     7
       Ensorcelled Hiber |    12 |       ||    12
       Confuse           |       |     8 ||     8
  Use: Scroll            |     4 |       ||     4
       Potion            |     1 |     3 ||     4
 Stab: Sleeping          |    13 |       ||    13
Armor: Robe              |     7 |       ||     7
Dodge: Dodged            |    42 |       ||    42
